 Dungeon Crawl Stone Soup version 0.32-a0-900-g30fb1b0edc (webtiles) character file.

Game seed: 13680703631995667694

183 MRVA the Slasher (level 5, -2/38 HPs)
             Began as a Coglin Brigand on Apr 5, 2024.
             Slain by a gnoll
             ... wielding a +0 flail
              (6 damage)
             ... on level 3 of the Dungeon.
             The game lasted 00:03:07 (2521 turns).

MRVA the Slasher (Coglin Brigand)                   Turns: 2521, Time: 00:03:08

Health: -2/38      AC:  4    Str: 11    XL:     5   Next: 62%
Magic:  5/5        EV: 10    Int: 10    God:
Gold:   118        SH:  0    Dex: 18    Spells: 4/4 levels left

rFire   . . .        a - +2 dagger {Friedl}
rCold   . . .        f - +0 dagger {Florimund}
rNeg    . . .        b - +0 robe
rPois   .            l - +0 helmet
rElec   .            c - +0 cloak
rCorr   .            (no gloves)
SInv    .            (no boots)
Will    .....        (amulet unavailable)
Stlth   +++          (ring unavailable)
HPRegen 0.26/turn    (ring unavailable)
MPRegen 0.09/turn    (no gizmo)

%: no passive effects
@: revved
A: off-hand wielding, slow wielding, warmup strikes, no jewellery
a: Invent Gizmo


You were on level 3 of the Dungeon.
You visited 1 branch of the dungeon, and saw 3 of its levels.

You collected 118 gold pieces.

Inventory:

Hand Weapons
 a - a +2 dagger (weapon) {Friedl}
 f - a +0 dagger (offhand) {Florimund}
Missiles
 e - 3 curare-tipped darts {=f}
Armour
 b - a +0 robe (worn)
 c - a +0 cloak (worn)
 l - a +0 helmet (worn)
Scrolls
 g - 2 scrolls of blinking {unknown}
 h - 2 scrolls of vulnerability {unknown}
 k - a scroll of amnesia {unknown}
 m - a scroll of identify {unknown}
Potions
 i - a potion of mutation {unknown}
 j - a potion of heal wounds {unknown}
 n - a potion of might {unknown}


   Skills:
 - Level 2.0 Fighting
 - Level 1.7(3.5) Short Blades
 + Level 5.2(5.4) Long Blades
 - Level 1.7 Throwing
 - Level 0.8 Dodging
 - Level 3.2 Stealth


You had 4 spell levels left.
You didn't know any spells.
Your spell library contained the following spells:

 Spells                   Type           Power      Damage    Failure   Level
 Apportation              Tloc           0%         N/A       36%         1
 Necrotise                Necr           0%         1d4       36%         1
 Sting                    Conj/Alch      0%         1d3       36%         1
 Summon Small Mammal      Summ           0%         N/A       36%         1


Dungeon Overview and Level Annotations

Branches:
Dungeon (3/15)

Altars:
Ru

Annotations:
D:2 1 runed translucent door, Crazy Yiuf


Innate Abilities, Weirdness & Mutations

You can wield a second weapon in your off-hand.
It takes a long time for you to wield or remove held weapons.
Your first few attacks do less damage.
You cannot equip rings or amulets.


Message History

No target in view!
No target in view!
No target in view!
No target in view!
No target in view!
No target in view!
No target in view!
No target in view!
No target in view!
A gnoll comes into view. It is wielding a +0 flail.
A gnoll is nearby!
A gnoll is nearby!
You throw a poisoned dart. The poisoned dart hits the gnoll.
You throw a poisoned dart.
The poisoned dart closely misses the gnoll.
You throw a poisoned dart. The poisoned dart hits the gnoll.
You throw a poisoned dart.
The poisoned dart barely misses the gnoll.
You throw a poisoned dart. The poisoned dart hits the gnoll.
You throw a poisoned dart.
The poisoned dart closely misses the gnoll.
You hit the gnoll with your +0 dagger. You hit the gnoll with your +2 dagger.
The gnoll hits you with a +0 flail!
You are too injured to fight recklessly!
You are too injured to fight recklessly!
You are too injured to fight recklessly!
You are too injured to fight recklessly!
You are too injured to fight recklessly!
You are too injured to fight recklessly!
You are too injured to fight recklessly!
You are too injured to fight recklessly!
You are too injured to fight recklessly!
You are too injured to fight recklessly!
You are too injured to fight recklessly!
You are too injured to fight recklessly!
You hit the gnoll with your +2 dagger. You hit the gnoll but do no damage.
You barely miss the gnoll with your +2 dagger.
You hit the gnoll with your +0 dagger. The gnoll hits you with a +0 flail!
* * * LOW HITPOINT WARNING * * *
You hit the gnoll but do no damage. You hit the gnoll with your +0 dagger.
The gnoll hits you with a +0 flail!
* * * LOW HITPOINT WARNING * * *
Unknown command.
You barely miss the gnoll with your +2 dagger.
You hit the gnoll but do no damage. The gnoll hits you with a +0 flail.
* * * LOW HITPOINT WARNING * * *
Unknown command.
You hit the gnoll with your +2 dagger. You hit the gnoll but do no damage.
The gnoll hits you with a +0 flail.
You die...

. ## #.# ..# #.# #.# #.#
###'###.# #....##.#
#.....#.##########
#######..>............>.
#...........#.##.......#
#.#####.#...#.##@##.....
#.#.###.##g(......
#.#.....##..(.....
#.#.######(.(..... #.#.#
#.####... .##.#.# #(#
... ..#.#.# #.# ....
#.#.#.# #(# ......
#.#.#.## ......######


You could see a gnoll.

Vanquished Creatures
  A phantom (D:3)
  Robin (D:2)
  2 adders
  3 dart slugs
  A ribbon worm (D:3)
  An orc (D:3)
  5 ball pythons
  8 bats
  7 endoplasms
  12 goblins
  8 hobgoblins
  5 quokkas
  3 frilled lizards
  7 kobolds
  7 rats
71 creatures vanquished.

Notes
Turn   | Place    | Note
-------+----------+-------------------------------------------
     0 | D:1      | MRVA the Coglin Brigand began the quest for the Orb.
     0 | D:1      | Reached XP level 1. HP: 16/16 MP: 1/1
    29 | D:1      | Reached skill level 1 in Long Blades
    45 | D:1      | Reached XP level 2. HP: 21/22 MP: 2/2
   237 | D:1      | Reached skill level 2 in Long Blades
   523 | D:1      | Reached XP level 3. HP: 26/27 MP: 3/3
  1006 | D:2      | Reached skill level 3 in Long Blades
  1340 | D:2      | Found a faded altar of an unknown god.
  1394 | D:2      | Reached XP level 4. HP: 33/33 MP: 4/4
  1458 | D:2      | Found a runed translucent door.
  1459 | D:2      | Noticed Crazy Yiuf
  1532 | D:2      | Noticed Robin
  1686 | D:2      | Killed Robin
  1687 | D:2      | Reached skill level 4 in Long Blades
  2251 | D:3      | Noticed a phantom
  2264 | D:3      | Found a sacrificial altar of Ru.
  2266 | D:3      | Killed a phantom
  2267 | D:3      | Reached skill level 5 in Long Blades
  2267 | D:3      | Reached XP level 5. HP: 8/38 MP: 5/5
  2521 | D:3      | Slain by a gnoll

Illustrated notes

Levels and vault maps discovered:
D:1:      wheals_arrival_shading, layout_basic
D:2:      layout_basic, ebering_ecumenical_altar_sacrificial, uniq_robin,
          uniq_crazy_yiuf_cottage
D:3:      layout_basic, mainiacjoe_overflow_concentric_impassable,
          mainiacjoe_overflow_surrounded_room, lemuel_crystal_altar

Skill      XL: |  1  2  3  4 |
---------------+-------------+-----
Long Blades    | 1 2 3 5 |  5.2
Fighting       | |  2.0
Short Blades   | |  1.7
Throwing       | |  1.7
Dodging        | |  0.8
Stealth        | |  3.2

Action                     |  1- 3 |  4- 6 || total
---------------------------+-------+-------++-------
  Melee: Dagger            |   135 |   143 ||   278
  Throw: Dart              |       |    46 ||    46
   Stab: Sleeping          |    12 |     2 ||    14
 Armour: Robe              |    43 |    52 ||    95
  Dodge: Dodged            |    45 |    30 ||    75

Table legend: (Time is in decaauts)
 A = Elapsed time spent in this place.
 B = Non-inter-level travel time spent in this place.
 C = Inter-level travel time spent in this place.
 D = Time resting spent in this place.
 E = Time spent auto-exploring this place.
 F = Levels seen in this place.
 G = Mean time per level.
                   A        B        C        D        E       F      G
               +--------+--------+--------+--------+--------+-----+--------+
         Total |   2496 |   2439 |     57 |    243 |   1767 |   3 |  832.0 |
       Dungeon |   2496 |   2439 |     57 |    243 |   1767 |   3 |  832.0 |
               +--------+--------+--------+--------+--------+-----+--------+

Top non-repeatable levels by time:
     D:2: 1088 daAuts
     D:1: 996 daAuts
     D:3: 411 daAuts
